 Dungeon Crawl Stone Soup version 0.29.1-1-gd02db6906a (webtiles) character file.

Game seed: 10099278216758957151

14 javelin the Sneak (level 2, -2/22 HPs)
             Began as a Naga Enchanter on Oct 18, 2022.
             Slain by a hobgoblin (4 damage)
             ... on level 1 of the Dungeon.
             The game lasted 00:04:47 (862 turns).

javelin the Sneak (Naga Enchanter)                   Turns: 862, Time: 00:04:47

Health: -2/22      AC:  1    Str: 10    XL:     2   Next: 45%
Magic:  5/5        EV: 10    Int: 15    God:
Gold:   24         SH:  0    Dex: 11    Spells: 5/5 levels left

rFire   . . .      SeeInvis +   a - +1 dagger
rCold   . . .      Faith    .   (no shield)
rNeg    . . .      Spirit   .   b - +0 robe
rPois   +          Reflect  .   (no helmet)
rElec   .          Harm     .   (no cloak)
rCorr   .          Rampage  .   (no gloves)
Will    .....                   (no barding)
Stlth   +++.......              (no amulet)
HPRegen 0.07/turn               (no ring)
MPRegen 0.09/turn               (no ring)

@: invisible, very slow
A: AC +0, large, see invisible, deformed body, poison resistance, slowness 2,
spit poison 1, naga tail 1
a: Spit Poison


You were on level 1 of the Dungeon.
You visited 1 branch of the dungeon, and saw 1 of its levels.

You collected 24 gold pieces.

Inventory:

Hand Weapons
 a - a +1 dagger (weapon)
 d - a +0 mace
 e - a +0 morningstar
 f - a +2 whip of holy wrath
Armour
 b - a +0 robe (worn)
Potions
 c - a potion of invisibility


   Skills:
 + Level 0.2 Fighting
 + Level 1.0 Short Blades
 + Level 1.7 Dodging
 + Level 5.0 Stealth
 + Level 2.0 Spellcasting
 + Level 3.2 Hexes


You had 5 spell levels left.
You didn't know any spells.
Your spell library contained the following spells:

 Spells                   Type           Power      Damage    Failure   Level
 Ensorcelled Hibernation  Hex/Ice        12%        N/A       17%         2
 Confusing Touch          Hex            11%        N/A       17%         3
 Tukima's Dance           Hex            11%        N/A       17%         3
 Dazzling Flash           Conj/Hex       12%        N/A       34%         3
 Portal Projectile        Hex/Tloc       12%        N/A       34%         3
 Call Canine Familiar     Summ           1%         N/A       54%         3
 Leda's Liquefaction      Hex/Erth       3%         N/A       75%         4


Dungeon Overview and Level Annotations

Branches:
Dungeon (1/15)

Altars:


Innate Abilities, Weirdness & Mutations

Your serpentine skin is tough. (AC +0)
You have supernaturally acute eyesight. (SInv)
Armour fits poorly on your strangely shaped body.
Your system is resistant to poisons. (rPois)
You cover ground very slowly.
You can spit poison.
You have a snake-like lower body.


Message History

The jackal completely misses you.
You hit the jackal.
You kill the jackal!
A hobgoblin comes into view.
You see here a jackal corpse.
The jackal closely misses you. The jackal bites you.
You miss the jackal. The jackal barely misses you. The jackal bites you.
You hit the jackal.
The jackal is severely wounded.
The jackal bites you.
You barely miss the jackal.
The jackal is severely wounded.
The hobgoblin shouts!
You hear a bark!
A jackal comes into view.
The jackal closely misses you.
You hit the jackal.
You kill the jackal!
You see here a jackal corpse.
You closely miss the jackal. The jackal barely misses you.
You hit the jackal.
The jackal is severely wounded.
The jackal barely misses you. The hobgoblin hits you.
You hit the hobgoblin.
The hobgoblin is almost dead.
The jackal bites you.
* * * LOW HITPOINT WARNING * * *
The hobgoblin barely misses you. The jackal misses you.
You closely miss the hobgoblin.
The hobgoblin is almost dead.
The jackal closely misses you. The hobgoblin hits you.
* * * LOW HITPOINT WARNING * * *
You fade into invisibility!
The jackal barely misses you. The hobgoblin hits you.
* * * LOW HITPOINT WARNING * * *
The jackal bites you.
* * * LOW HITPOINT WARNING * * *
You closely miss the jackal.
The jackal is severely wounded.
The jackal barely misses you. The hobgoblin hits you.
You die...

#... ####.#........# #..
#######.#####.# #.
##8###8#.....#.# #
##.........##.#.##
#8................
##............#.##
#...##8#.....#
##...####.....#
#⌠...⌠##.@h...# ##8##
####...###..g.###......
####8##...# #....†.†......
#.........###.............
###.........8##.........#8##
.##.........###.#.#.#.#.#
.'...#8###8## #.#.....#.#
.####### ### #.#.....# #
....... #....)...


You could see a jackal (unable to see you) and a hobgoblin (unable to see you).

Vanquished Creatures
  4 bats (D:1)
  2 endoplasms (D:1)
  2 jackals (D:1)
  2 kobolds (D:1)
  2 frilled lizards (D:1)
  A rat (D:1)
13 creatures vanquished.

Notes
Turn   | Place    | Note
-------+----------+-------------------------------------------
     0 | D:1      | javelin the Naga Enchanter began the quest for the Orb.
     0 | D:1      | Reached XP level 1. HP: 15/15 MP: 3/3
   325 | D:1      | Reached XP level 2. HP: 16/22 MP: 5/5
   435 | D:1      | Reached skill level 5 in Stealth
   862 | D:1      | Slain by a hobgoblin

Illustrated notes

Levels and vault maps discovered:
D:1:      elethiomel_arrival_shortcut, layout_basic, serial_corexii_hall,
          corexii_hall_statues_x, corexii_hall_statues_x,
          chequers_hall_statues_y, corexii_hall_statues_i,
          corexii_hall_statues_x, corexii_hall_statues_s, serial_bayou_crossing

Skill      XL: |  1  2 |
---------------+-------+-----
Stealth        | 5 |  5.0
Fighting       | |  0.2
Short Blades   | |  1.0
Dodging        | |  1.7
Spellcasting   | |  2.0
Hexes          | |  3.2

Action                   || total
-------------------------++-------
Melee: Dagger            ||    52
  Use: Potion            ||     1
 Stab: Sleeping          ||     1
Armor: Robe              ||    17
Dodge: Dodged            ||    44
